 Dungeon Crawl Stone Soup version 0.20-a0-754-g13ddd6e (webtiles) character file.

523 Gorglomux the Cleaver (level 7, -5/85 HPs)
             Began as a Hill Orc Berserker on Feb 25, 2017.
             Was a Believer of Trog.
             Slain by an ogre
             ... wielding a +0 giant club
              (11 damage)
             ... on level 4 of the Dungeon.
             The game lasted 00:06:51 (3298 turns).

Gorglomux the Cleaver (Hill Orc Berserker)          Turns: 3298, Time: 00:06:51

Health: -5/85      AC:  5    Str: 27    XL:     7   Next: 22%
Magic:  7/7        EV: 11    Int:  7    God:    Trog [**....]
Gold:   134        SH:  0    Dex: 10    Spells: 6/6 levels left

rFire    . . .     SeeInvis +   a - +0 hand axe
rCold    . . .     Gourm    .   m - +0 ring mail (curse)
rNeg     + . .     Faith    .   (no shield)
rPois    +         Spirit   .   (no helmet)
rElec    .         Reflect  .   (no cloak)
rCorr    .         Harm     .   (no gloves)
MR       .....                  (no boots)
Stlth    ..........             S - amulet of Reimbursement {+Rage rPois rN+ Slay-3 SInv}
Regen    0.3/turn               (no ring)
MPRegen  0.1/turn               (no ring)

@: berserking (expiring), starving, very quick
A: no striking features
a: Berserk, Trog's Hand, Burn Spellbooks, Renounce Religion, Evoke Berserk Rage


You were on level 4 of the Dungeon.
You worshipped Trog.
Trog was pleased with you.
You were starving.

You visited 1 branch of the dungeon, and saw 4 of its levels.

You collected 134 gold pieces.

Inventory:

Hand Weapons
 a - a +0 hand axe (weapon)
 b - a +0 blowgun
Missiles
 y - 7 poisoned needles
Armour
 g - a +0 leather armour
 m - a cursed +0 ring mail (worn)
 q - a +0 animal skin
Jewellery
 S - the amulet of Reimbursement (around neck) {+Rage rPois rN+ Slay-3 SInv}
   (You found it on level 4 of the Dungeon)

   [amulet of rage]

   It affects your accuracy and damage with ranged weapons and melee attacks
   (-3).
   It protects you from poison.
   It protects you from negative energy.
   It lets you see invisible.
   It lets you go berserk.
Wands
 E - a wand of flame (12/48)
Scrolls
 k - a scroll of enchant armour {unknown}
 o - a scroll of fear
 p - a scroll of recharging
 t - a scroll of teleportation {unknown}
 u - a scroll of enchant weapon {unknown}
 w - a scroll of immolation {unknown}
 z - a scroll of remove curse {unknown}
 C - a scroll of magic mapping {unknown}
 R - a scroll of identify
Potions
 h - a potion of resistance {unknown}
 i - 3 potions of agility
 n - 2 potions of lignification {unknown}
 x - 4 potions of curing
 B - a potion of berserk rage {unknown}
Comestibles
 c - a bread ration
 f - a royal jelly
 j - 8 fruits


   Skills:
 - Level 3.6 Fighting
 + Level 10.4 Axes
 - Level 2.1 Armour
 - Level 1.5 Dodging


You had 6 spell levels left.
You didn't know any spells.

Dungeon Overview and Level Annotations

Branches:
Dungeon (4/15)
 Temple: D:4-7

Altars:


Message History

You completely miss the ogre.
The ogre is moderately wounded.
You hear the quick rusting of a distant drain.
You barely miss the ogre.
The ogre is moderately wounded.
The ogre barely misses you.
You hit the ogre.
The ogre is heavily wounded.
You hit the ogre.
The ogre is severely wounded.
You barely miss the ogre.
The ogre is severely wounded.
The ogre hits you with a giant club!!
* * * LOW HITPOINT WARNING * * *
You hit the ogre.
The ogre is severely wounded.
You hit the ogre.
The ogre is almost dead.
The ogre hits you with a giant club!
You die...

# ##....<...### #
##........## ##..
#.....###.## #...# #######
#..# ##...# #..###...#
##......# ## ###.....###.#
###...#......##
####.....@O......# #
###.............##...#
######..............#####...#
.##...............### ##...#
...........###..### #..
#..........###### #
..#######...## ..# ##...# .##
##..##


You could see an ogre.

Vanquished Creatures
  A phantom (D:4)
  The ghost of CcS the Ruffian, an amateur CeTm (D:3)
  A scorpion (D:4)
  A centaur skeleton (D:3)
  Terence (D:2)
  2 worker ants
  A hound skeleton (D:4)
  2 howler monkey skeletons (D:4)
  3 gnolls (D:3)
  7 adders
  3 worms
  5 leopard geckos
  6 bats
  5 giant cockroaches
  7 goblins
  6 hobgoblins
  7 jackals
  A quokka (D:3)
  A ball python (D:3)
  3 frilled lizards
  4 kobolds
  4 rats
72 creatures vanquished.

Notes
Turn   | Place    | Note
-------+----------+-------------------------------------------
     0 | D:1      | Gorglomux the Hill Orc Berserker began the quest for the Orb.
     0 | D:1      | Reached XP level 1. HP: 19/19 MP: 1/1
    28 | D:1      | Reached XP level 2. HP: 14/26 MP: 2/2
   258 | D:1      | Reached skill level 5 in Axes
   677 | D:1      | Reached XP level 3. HP: 31/31 MP: 3/3
  1072 | D:2      | Noticed Terence
  1075 | D:2      | Killed Terence
  1075 | D:2      | Reached skill level 6 in Axes
  1075 | D:2      | Reached XP level 4. HP: 39/39 MP: 4/4
  1082 | D:2      | Reached ** piety under Trog
  1570 | D:3      | Noticed CcS's ghost (amateur CeTm)
  1666 | D:3      | Killed CcS's ghost
  1666 | D:3      | Reached skill level 8 in Axes
  1666 | D:3      | Reached XP level 5. HP: 45/45 MP: 5/5
  2149 | D:3      | Reached XP level 6. HP: 51/51 MP: 6/6
  2375 | D:3      | Reached skill level 9 in Axes
  3003 | D:4      | Noticed a phantom
  3019 | D:4      | Killed a phantom
  3019 | D:4      | Reached skill level 10 in Axes
  3019 | D:4      | Reached XP level 7. HP: 57/57 MP: 7/7
  3223 | D:4      | Got an ancient silver amulet
  3224 | D:4      | Identified the amulet of Reimbursement {+Rage rPois rN+ Slay-3 SInv} (You found it on level 4 of the Dungeon)
  3298 | D:4      | Slain by an ogre

Vault maps used:
D:1:      evilmike_arrival_run_for_it, st_stairs_7
D:2:      uniq_terence
D:3:      hangedman_glass_teeth
D:4:      gup_sewer_entry_bubbles

Skill      XL: |  1  2  3  4  5  6 |
---------------+-------------------+-----
Axes           | 5 6 8 10 | 10.4
Fighting       | |  3.6
Armour         | |  2.1
Dodging        | |  1.5

Action                   |  1- 3 |  4- 6 |  7- 9 || total
-------------------------+-------+-------+-------++-------
Melee: Hand axe          |    62 |   175 |    19 ||   256
 Fire: Blowgun           |       |     2 |       ||     2
Invok: Berserk           |     3 |     5 |     2 ||    10
  Use: Scroll            |       |     4 |       ||     4
  Eat: Chunk             |     2 |    11 |     1 ||    14
Armor: Animal skin       |     4 |       |       ||     4
       Leather armour    |     7 |       |       ||     7
       Ring mail         |     4 |    55 |     1 ||    60
Dodge: Dodged            |    47 |    89 |     9 ||   145
